TOP OF THE 1ST |
Durham Bulls batting - Pitching for Buffalo Bisons : RHP Zack Rust
|
Pitching: RHP Zack Rust
|
|
Batting: LHB Angel Ruvalcaba
|
0-0: Fly out, F8 (Line Drive, 8RM, EV 92.5 MPH)
|
Batting: RHB Jesse Basich
|
0-0: Ball 1-0: Foul Ball, location: 2F 1-1: Ball 2-1: Ground out 4-3 (Groundball, 4MD, EV 104.4 MPH)
|
Batting: LHB Austin Ohmer
|
0-0: Foul Ball, location: 2F 0-1: Ground out 4-3 (Groundball, 4, EV 78.1 MPH)
|
Top of the 1st over - 0 runs, 0 hits, 0 errors, 0 left on base; Durham 0 - Buffalo 0 |
BOTTOM OF THE 1ST |
Buffalo Bisons batting - Pitching for Durham Bulls : RHP Ray Willenbrink
|
Pitching: RHP Ray Willenbrink
|
|
Batting: RHB Danny Burnside
|
0-0: Ball 1-0: Called Strike 1-1: Foul Ball, location: 2F 1-2: Strikes out looking
|
Batting: LHB Josh Stuck
|
0-0: Ball 1-0: Bunt missed! 1-1: Foul Ball, location: 2F 1-2: Ball 2-2: SINGLE (Groundball, 4MD, EV 100.6 MPH)
|
Batting: LHB Michael Byrd
|
0-0: Called Strike 0-1: Ball 1-1: Ball 2-1: Foul Ball, location: 2F 2-2: Ball Josh Stuck steals 2nd base (no throw) 3-2: Base on Balls
|
Batting: RHB Ryan Kinkead
|
0-0: Ball 1-0: Fielders Choice at 2nd, 6-4 (Groundball, 6, EV 101.9 MPH) Josh Stuck to third
|
Batting: LHB Yoshinari Nara
|
0-0: Ball 1-0: Ground out U3 (Groundball, 34S, EV 67.5 MPH)
|
Bottom of the 1st over - 0 runs, 1 hit, 0 errors, 2 left on base; Durham 0 - Buffalo 0 |
TOP OF THE 2ND |
Durham Bulls batting - Pitching for Buffalo Bisons : RHP Zack Rust
|
Batting: SHB Hans Mikkelsen
|
0-0: Called Strike 0-1: Ground out 6-3 (Groundball, 4D, EV 84.4 MPH)
|
Batting: RHB Eugênio Asceno
|
0-0: Ground out 5-3 (Groundball, 56, EV 81.3 MPH)
|
Batting: SHB Ben Pierce
|
0-0: Ball 1-0: Called Strike 1-1: Swinging Strike 1-2: Ball 2-2: Strikes out swinging
|
Top of the 2nd over - 0 runs, 0 hits, 0 errors, 0 left on base; Durham 0 - Buffalo 0 |
BOTTOM OF THE 2ND |
Buffalo Bisons batting - Pitching for Durham Bulls : RHP Ray Willenbrink
|
Batting: RHB Alex Ramos
|
0-0: Called Strike 0-1: Fly out, F9 (Flyball, 89D, EV 98.8 MPH)
|
Batting: SHB Eduardo Maldonado
|
0-0: Called Strike 0-1: SINGLE (Groundball, 34D, EV 98.8 MPH)
|
Batting: RHB Jon Aguilar
|
0-0: Ball 1-0: Called Strike 1-1: Ball 2-1: Ball 3-1: Base on Balls Eduardo Maldonado to second
|
Batting: RHB Danny Heyer
|
0-0: Called Strike 0-1: DOUBLE (Groundball, 5L, EV 102.5 MPH) Eduardo Maldonado scores Jon Aguilar to third Runner from 3rd tries for Home, SAFE, throw by LF to home
|
Batting: RHB Danny Burnside
|
0-0: Ball 1-0: Called Strike 1-1: Ground out 6-3 (Groundball, 6, EV 83.1 MPH) Danny Heyer to third
|
Batting: LHB Josh Stuck
|
0-0: Called Strike 0-1: Ball 1-1: Ball 2-1: Ground out 5-3 (Groundball, 5D, EV 106.3 MPH)
|
Bottom of the 2nd over - 2 runs, 2 hits, 0 errors, 1 left on base; Durham 0 - Buffalo 2 |
TOP OF THE 3RD |
Durham Bulls batting - Pitching for Buffalo Bisons : RHP Zack Rust
|
Batting: LHB Robin More
|
0-0: Called Strike 0-1: Foul Ball, location: 2F 0-2: Ball 1-2: Ball 2-2: Ball 3-2: Ground out 4-3 (Groundball, 4, EV 96.3 MPH)
|
Batting: SHB Jose Vargas
|
0-0: Ball 1-0: Ball 2-0: Ball 3-0: Called Strike 3-1: Base on Balls
|
Batting: RHB Danny Diaz
|
0-0: Ball 1-0: Foul Ball, location: 2F 1-1: Ball 2-1: Fly out, F9 (Line Drive, 9, EV 91.3 MPH)
|
Batting: LHB Angel Ruvalcaba
|
0-0: Foul Ball, location: 2F 0-1: Ball Jose Vargas steals 2nd base 1-1: SINGLE (Groundball, 6D, EV 95.0 MPH) Jose Vargas to third Runner from 3rd tries for Home, SAFE, throw by CF to home
|
Batting: RHB Jesse Basich
|
0-0: Ball Angel Ruvalcaba steals 2nd base 1-0: DOUBLE (Groundball, 5L, EV 103.8 MPH) Angel Ruvalcaba scores
|
Batting: LHB Austin Ohmer
|
0-0: Called Strike 0-1: Ball 1-1: Ground out 4-3 (Groundball, 4, EV 86.3 MPH)
|
Top of the 3rd over - 2 runs, 2 hits, 0 errors, 1 left on base; Durham 2 - Buffalo 2 |
BOTTOM OF THE 3RD |
Buffalo Bisons batting - Pitching for Durham Bulls : RHP Ray Willenbrink
|
Batting: LHB Michael Byrd
|
0-0: Called Strike 0-1: Ground out 1-3 (Groundball, 13, EV 70.6 MPH)
|
Batting: RHB Ryan Kinkead
|
0-0: Foul Ball, location: 2F 0-1: Ball 1-1: Foul Ball, location: 2F 1-2: Ball 2-2: DOUBLE (Line Drive, 9LS, EV 105.6 MPH)
|
Batting: LHB Yoshinari Nara
|
0-0: Called Strike 0-1: Called Strike 0-2: Ball 1-2: Foul Ball, location: 2F 1-2: Ball 2-2: Strikes out swinging
|
Batting: RHB Alex Ramos
|
0-0: Foul Ball, location: 2F 0-1: Foul Ball, location: 2F 0-2: Ball 1-2: Foul Ball, location: 2F 1-2: Foul Ball, location: 2F 1-2: Ball 2-2: 2-RUN HOME RUN (Flyball, 7LD, EV 89.4 MPH), Distance : 332 ft
|
Batting: SHB Eduardo Maldonado
|
0-0: Called Strike 0-1: Ball 1-1: SINGLE (Line Drive, 3D, EV 99.4 MPH)
|
Batting: RHB Jon Aguilar
|
0-0: Ball 1-0: Called Strike 1-1: Ball 2-1: Foul Ball, location: 2F 2-2: Fly out, F8 (Line Drive, 8LM, EV 95.6 MPH)
|
Bottom of the 3rd over - 2 runs, 3 hits, 0 errors, 1 left on base; Durham 2 - Buffalo 4 |
TOP OF THE 4TH |
Durham Bulls batting - Pitching for Buffalo Bisons : RHP Zack Rust
|
Batting: SHB Hans Mikkelsen
|
0-0: Called Strike 0-1: Ball 1-1: Ball 2-1: Foul Ball, location: 2F 2-2: Ground out 5-3 (Groundball, 6, EV 108.1 MPH)
|
Batting: RHB Eugênio Asceno
|
0-0: Foul Ball, location: 2F 0-1: Ball 1-1: Called Strike 1-2: Strikes out swinging
|
Batting: SHB Ben Pierce
|
0-0: Ground out 4-3 (Groundball, 4, EV 80.0 MPH)
|
Top of the 4th over - 0 runs, 0 hits, 0 errors, 0 left on base; Durham 2 - Buffalo 4 |
BOTTOM OF THE 4TH |
Buffalo Bisons batting - Pitching for Durham Bulls : RHP Ray Willenbrink
|
Batting: RHB Danny Heyer
|
0-0: SINGLE (Groundball, 6MD, EV 110.6 MPH)
|
Batting: RHB Danny Burnside
|
0-0: SINGLE (Groundball, 4D, EV 107.5 MPH) Danny Heyer to second
|
Batting: LHB Josh Stuck
|
0-0: Called Strike 0-1: Ball 1-1: Ball 2-1: Ball 3-1: Foul Ball, location: 2F 3-2: Base on Balls Danny Heyer to third Danny Burnside to second
|
Batting: LHB Michael Byrd
|
0-0: Ball 1-0: Foul Ball, location: 2F 1-1: Ball 2-1: Foul Ball, location: 2F 2-2: Foul Ball, location: 2F 2-2: SINGLE (Groundball, 34D, EV 105.0 MPH) Danny Heyer scores Danny Burnside to third Josh Stuck to second Runner from 3rd tries for Home, SAFE, throw by RF to home
|
Pitching: RHP Don Henley
|
|
Batting: RHB Ryan Kinkead
|
0-0: Grounds into double play, 4-6-3 (Groundball, 4, EV 84.4 MPH) Josh Stuck to third
|
Batting: LHB Yoshinari Nara
|
0-0: Ball 1-0: Swinging Strike 1-1: Foul Ball, location: 2F 1-2: Ball 2-2: Strikes out swinging
|
Bottom of the 4th over - 2 runs, 3 hits, 0 errors, 1 left on base; Durham 2 - Buffalo 6 |
TOP OF THE 5TH |
Durham Bulls batting - Pitching for Buffalo Bisons : RHP Zack Rust
|
Batting: LHB Robin More
|
0-0: Foul Ball, location: 2F 0-1: SINGLE (Groundball, 34D, EV 108.1 MPH)
|
Batting: SHB Jose Vargas
|
0-0: Foul Ball, location: 2F 0-1: Ball 1-1: Ball 2-1: Fielders Choice at 2nd, 5-4 (Groundball, 56, EV 108.8 MPH)
|
Batting: RHB Danny Diaz
|
0-0: Ball 1-0: Foul Ball, location: 2F 1-1: Grounds into double play, 6-4-3 (Groundball, 6, EV 91.9 MPH)
|
Top of the 5th over - 0 runs, 1 hit, 0 errors, 0 left on base; Durham 2 - Buffalo 6 |
BOTTOM OF THE 5TH |
Buffalo Bisons batting - Pitching for Durham Bulls : RHP Don Henley
|
Batting: RHB Alex Ramos
|
0-0: Called Strike 0-1: Fly out, F9 (Flyball, 9S, EV 83.1 MPH)
|
Batting: SHB Eduardo Maldonado
|
0-0: Ball 1-0: Ball 2-0: Called Strike 2-1: Ball 3-1: Fly out, F4 (Line Drive, 4, EV 68.1 MPH)
|
Batting: RHB Jon Aguilar
|
0-0: Ball 1-0: Ball 2-0: Called Strike 2-1: Ground out 4-3 (Groundball, 4, EV 86.3 MPH)
|
Bottom of the 5th over - 0 runs, 0 hits, 0 errors, 0 left on base; Durham 2 - Buffalo 6 |
TOP OF THE 6TH |
Durham Bulls batting - Pitching for Buffalo Bisons : RHP Zack Rust
|
Batting: LHB Angel Ruvalcaba
|
0-0: Ball 1-0: Swinging Strike 1-1: Ground out 4-3 (Groundball, 4S, EV 84.4 MPH)
|
Batting: RHB Jesse Basich
|
0-0: Ground out 6-3 (Groundball, 6, EV 90.0 MPH)
|
Batting: LHB Austin Ohmer
|
0-0: Called Strike 0-1: Swinging Strike 0-2: Ball 1-2: Ball 2-2: Foul Ball, location: 2F 2-2: Fly out, F9 (Flyball, 9, EV 83.1 MPH)
|
Top of the 6th over - 0 runs, 0 hits, 0 errors, 0 left on base; Durham 2 - Buffalo 6 |
BOTTOM OF THE 6TH |
Buffalo Bisons batting - Pitching for Durham Bulls : RHP Don Henley
|
Batting: RHB Danny Heyer
|
0-0: Swinging Strike 0-1: DOUBLE (Line Drive, 78M, EV 98.1 MPH)
|
Batting: RHB Danny Burnside
|
0-0: Ball 1-0: Foul Ball, location: 2F 1-1: Ball 2-1: Foul Ball, location: 2F 2-2: Ball 3-2: Base on Balls
|
Batting: LHB Josh Stuck
|
0-0: Ball 1-0: Called Strike 1-1: Ball 2-1: Foul Ball, location: 2F 2-2: Fly out, F4 (Flyball, 4D, EV 85.0 MPH)
|
Batting: LHB Michael Byrd
|
0-0: Called Strike 0-1: Grounds into double play, 5-4-3 (Groundball, 56, EV 108.1 MPH)
|
Bottom of the 6th over - 0 runs, 1 hit, 0 errors, 1 left on base; Durham 2 - Buffalo 6 |
TOP OF THE 7TH |
Durham Bulls batting - Pitching for Buffalo Bisons : RHP Zack Rust
|
Batting: SHB Hans Mikkelsen
|
0-0: Ball 1-0: Called Strike 1-1: Swinging Strike 1-2: Strikes out looking
|
Batting: RHB Eugênio Asceno
|
0-0: Ball 1-0: Called Strike 1-1: Called Strike 1-2: Ball 2-2: Foul Ball, location: 2F 2-2: Reached via error on a dropped throw from 3B, E3 (Groundball, 5, EV 86.9 MPH)
|
Batting: SHB Ben Pierce
|
0-0: Ball 1-0: Ball 2-0: Foul Ball, location: 2F 2-1: Called Strike 2-2: Ball 3-2: Fly out, F7 (Flyball, 7LS, EV 83.8 MPH)
|
Batting: LHB Robin More
|
0-0: Ball 1-0: Called Strike 1-1: Ground out 4-3 (Groundball, 4, EV 97.5 MPH)
|
Top of the 7th over - 0 runs, 0 hits, 1 error, 1 left on base; Durham 2 - Buffalo 6 |
BOTTOM OF THE 7TH |
Buffalo Bisons batting - Pitching for Durham Bulls : RHP Don Henley
|
Pitching: RHP Corey Jacobson
|
|
Batting: RHB Ryan Kinkead
|
0-0: Ball 1-0: Ball 2-0: Ball 3-0: Called Strike 3-1: Called Strike 3-2: SINGLE (Line Drive, 7LS, EV 87.5 MPH)
|
Batting: LHB Yoshinari Nara
|
0-0: Ball 1-0: Ball 2-0: Ball 3-0: Swinging Strike 3-1: Base on Balls Ryan Kinkead to second
|
Batting: RHB Alex Ramos
|
0-0: DOUBLE (Line Drive, 9LM, EV 108.8 MPH) Ryan Kinkead scores Yoshinari Nara to third
|
Batting: SHB Eduardo Maldonado
|
0-0: Foul Ball, location: 2F 0-1: Ball 1-1: Ball 2-1: Foul Ball, location: 2F 2-2: Ball 3-2: Base on Balls
|
Batting: RHB Jon Aguilar
|
0-0: Called Strike 0-1: Ball 1-1: Ball 2-1: Foul Ball, location: 2F 2-2: Ball 3-2: Foul Ball, location: 2F 3-2: Foul Ball, location: 2F 3-2: Fly out, F5 (Line Drive, 5, EV 73.8 MPH)
|
Batting: RHB Danny Heyer
|
0-0: Ball 1-0: Fly out, F8 (Line Drive, 8RM, EV 88.8 MPH)
|
Batting: RHB Danny Burnside
|
0-0: Ball 1-0: Ball 2-0: Called Strike 2-1: Swinging Strike 2-2: Ball 3-2: Base on Balls Yoshinari Nara scores Alex Ramos to third Eduardo Maldonado to second
|
Batting: LHB Josh Stuck
|
0-0: Ball Wild Pitch! Alex Ramos scores Eduardo Maldonado to third Danny Burnside to second 1-0: Ball 2-0: Called Strike 2-1: Foul Ball, location: 2F 2-2: Foul Ball, location: 2F 2-2: Ball 3-2: Ground out U3 (Groundball, 3, EV 83.8 MPH)
|
Bottom of the 7th over - 3 runs, 2 hits, 0 errors, 2 left on base; Durham 2 - Buffalo 9 |
TOP OF THE 8TH |
Durham Bulls batting - Pitching for Buffalo Bisons : RHP Zack Rust
|
Pinch Hitting: RHB Jose Herrera
|
0-0: Ball 1-0: Ball 2-0: Called Strike 2-1: Ground out 6-3 (Groundball, 6M, EV 87.5 MPH)
|
Pinch Hitting: RHB Dusty Camelli
|
0-0: Hit by Pitch
|
Batting: LHB Angel Ruvalcaba
|
0-0: Called Strike 0-1: Ball 1-1: Foul Ball, location: 2F 1-2: SINGLE (Groundball, 6MD, EV 102.5 MPH) Dusty Camelli to second
|
Pinch Hitting: RHB Giuliano Giacoletti
|
0-0: Ball 1-0: Foul Ball, location: 2F 1-1: Called Strike 1-2: DOUBLE (Line Drive, 7LM, EV 106.9 MPH) Dusty Camelli scores Angel Ruvalcaba to third Runner from 3rd tries for Home, SAFE, no throw by LF
|
Batting: LHB Austin Ohmer
|
0-0: Ball 1-0: Foul Ball, location: 2F 1-1: Fly out, F9 (Flyball, 9LM, EV 84.4 MPH)
|
Pitching: RHP Alec Murphy
|
|
Batting: SHB Hans Mikkelsen
|
0-0: Swinging Strike 0-1: Swinging Strike 0-2: Ball 1-2: Ball 2-2: Strikes out swinging
|
Top of the 8th over - 2 runs, 2 hits, 0 errors, 1 left on base; Durham 4 - Buffalo 9 |
BOTTOM OF THE 8TH |
Buffalo Bisons batting - Pitching for Durham Bulls : RHP Corey Jacobson
|
Now at 2B: Giuliano Giacoletti
|
|
Now at 3B: Jose Herrera
|
|
Now at SS: Dusty Camelli
|
|
Batting: LHB Michael Byrd
|
0-0: Ball 1-0: Called Strike 1-1: Ball 2-1: Foul Ball, location: 2F 2-2: Foul Ball, location: 2F 2-2: Ground out U3 (Groundball, 3, EV 107.5 MPH)
|
Batting: RHB Ryan Kinkead
|
0-0: Called Strike 0-1: Ball 1-1: Ball 2-1: Ball 3-1: Base on Balls
|
Pitching: RHP Tyler Lybrand
|
|
Batting: LHB Yoshinari Nara
|
0-0: Ball 1-0: Called Strike 1-1: Foul Ball, location: 2F 1-2: Ball 2-2: Foul Ball, location: 2F 2-2: Fielders Choice at 2nd, 3-6 (Groundball, 34, EV 88.1 MPH)
|
Batting: RHB Alex Ramos
|
0-0: Ball 1-0: Called Strike 1-1: Called Strike Yoshinari Nara steals 2nd base 1-2: Ball Passed Ball! Yoshinari Nara to third 2-2: Ball 3-2: Strikes out swinging
|
Bottom of the 8th over - 0 runs, 0 hits, 0 errors, 1 left on base; Durham 4 - Buffalo 9 |
TOP OF THE 9TH |
Durham Bulls batting - Pitching for Buffalo Bisons : RHP Alec Murphy
|
Batting: RHB Eugênio Asceno
|
0-0: Foul Ball, location: 2F 0-1: SOLO HOME RUN (Flyball, 7D, EV 98.1 MPH), Distance : 366 ft
|
Batting: SHB Ben Pierce
|
0-0: Ball 1-0: Called Strike 1-1: Foul Ball, location: 2F 1-2: Ground out 4-3 (Groundball, 4, EV 99.4 MPH)
|
Batting: LHB Robin More
|
0-0: Called Strike 0-1: Ball 1-1: Called Strike 1-2: Strikes out swinging
|
Batting: RHB Jose Herrera
|
0-0: Foul Ball, location: 2F 0-1: Ball 1-1: Ball 2-1: Ball 3-1: Called Strike 3-2: Ground out 6-3 (Groundball, 6M, EV 103.8 MPH)
|
Top of the 9th over - 1 run, 1 hit, 0 errors, 0 left on base; Durham 5 - Buffalo 9 |
|